Map: Dasan Station LE

Players

Fropez - Winner!

  • Race: Protoss Protoss
  • League: Gold
  • Spawn Location: 12:00

CCharley

  • Race: Zerg Zerg
  • League: Gold
  • Spawn Location: 6:00

VOD

Have the link to the VOD?

Description

Time

  • Played on: Oct. 14, 2016, 9:42 p.m.
  • Length: 20:31
Show
View Real Time Build Order
Export as new Build Order

Fropez Protoss - Winner!

Build Orders: Mass Adepts 

Get SALT Encoding   

  12  0:01  Probe (Chrono Boost)  
  13  0:12  Probe (Chrono Boost)  
  14  0:18  Pylon  
  14  0:22  Probe (Chrono Boost)  
  15  0:37  Probe (Chrono Boost)  
  15  0:38  Gateway  
  16  0:47  Probe (Chrono Boost), Assimilator  
  17  0:58  Pylon, Probe (Chrono Boost)  
  18  1:08  Probe (Chrono Boost)  
  19  1:19  Probe (Chrono Boost)  
  19  1:22  Gateway  
  19  1:24  Gateway  
  20  1:38  Probe (Chrono Boost)  
  21  1:56  Nexus  
  21  2:05  Probe (Chrono Boost)  
  21  2:06  Pylon  
  22  2:18  Probe (Chrono Boost), Assimilator  
  23  2:29  Probe (Chrono Boost)  
  23  2:33  Pylon  
  23  2:43  Gateway  
  23  2:46  Cybernetics Core  
  23  2:53  Pylon  
  23  2:56  Probe (Chrono Boost)  
  24  3:06  Probe (Chrono Boost)  
  24  3:09  Probe (Chrono Boost)  
  26  3:16  Probe (Chrono Boost)  
  27  3:22  Warp Gate (Chrono Boost)  
  26  3:36  Adept  
  26  3:37  Adept  
  30  3:43  Adept x2  
  30  3:45  Probe  
  30  3:47  Probe  
  36  3:50  Assimilator  
  36  3:57  Mothership Core  
  36  3:59  Probe  
  39  4:11  Probe  
  40  4:22  Adept x2  
  44  4:24  Adept  
  44  4:25  Adept  
  44  4:27  Probe  
  44  4:29  Probe  
  50  4:38  Probe  
  50  4:39  Assimilator  
  50  4:41  Pylon  
  51  4:49  Adept x2, Pylon  
  51  4:51  Adept  
  51  4:52  Adept  
  59  5:16  Stalker x2  
  59  5:17  Pylon  
  61  5:23  Probe  
  61  5:26  Probe  
  61  5:28  Pylon  
  63  5:31  Pylon  
  63  5:59  Probe  
  63  6:01  Probe  
  63  6:03  Twilight Council  
  65  6:07  Adept x4, Pylon  
  65  6:47  Stalker  
  65  6:48  Stalker x3  
  73  6:57  Gateway  
  73  6:58  Gateway  
  73  6:59  Probe  
  72  7:01  Probe, Blink (Chrono Boost)  
  67  7:22  Adept x4  
  75  7:23  Probe  
  75  7:25  Probe  
  73  7:30  Gateway  
  73  7:32  Robotics Facility  
  67  7:40  Probe  
  67  7:42  Pylon, Forge  
  67  7:43  Probe  
  67  8:03  Stalker x3  
  67  8:04  Stalker x3  
  79  8:11  Probe  
  79  8:13  Pylon, Probe  
  79  8:25  Probe  
  79  8:26  Probe  
  81  8:27  Protoss Ground Weapons Level 1 (Chrono Boost)  
  81  8:32  Nexus  
  81  8:34  Warp Prism, Pylon  
  81  8:37  Pylon  
  81  8:39  Probe x2  
  85  8:51  Probe x2  
  85  8:54  Photon Cannon  
  87  8:56  Photon Cannon  
  87  8:58  Photon Cannon  
  87  9:01  Photon Cannon  
  85  9:28  Observer  
  82  9:34  Stalker  
  82  9:50  Probe  
  82  9:51  Probe x2  
  85  10:05  Immortal  
  89  10:07  Stalker x2  
  89  10:08  Stalker x5  
  103  10:17  Probe  
  103  10:19  Probe x2  
  106  10:21  Resonating Glaives  
  106  10:28  Probe  
  106  10:31  Probe  
  108  10:37  Protoss Ground Weapons Level 2 (Chrono Boost)  
  108  10:39  Probe  
  108  10:40  Probe  
  108  10:42  Forge  
  110  10:50  Assimilator  
  110  10:54  Pylon, Assimilator, Stalker  
  110  10:55  Stalker x6  
  124  10:58  Probe x3  
  124  11:02  Nexus  
  124  11:04  Pylon x2  
  125  11:22  Stalker x4  
  125  11:23  Stalker x3  
  125  11:24  Pylon  
  139  11:26  Pylon  
  139  11:50  Probe x3  
  139  11:53  Adept  
  139  11:54  Adept x4  
  146  11:55  Adept x2  
  156  12:05  Gateway  
  156  12:06  Gateway  
  156  12:09  Gateway  
  156  12:26  Adept x3  
  156  12:27  Adept x4  
  170  12:38  Probe x2  
  145  13:08  Stalker x3  
  145  13:09  Stalker x4  
  129  14:06  Protoss Ground Weapons Level 3 (Chrono Boost)  
  119  14:10  Adept x6  
  119  14:11  Adept  
  121  14:18  Gateway  
  121  14:20  Protoss Ground Armor Level 1 (Chrono Boost)  
  121  14:23  Gateway x2  
  105  14:37  Nexus  
  99  14:40  Assimilator  
  99  14:45  Assimilator  
  87  14:48  Pylon, Immortal  
  87  14:49  Pylon  
  89  15:17  Nexus  
  89  15:20  Assimilator  
  89  15:25  Assimilator  
  89  15:28  Pylon  
  89  15:29  Pylon  
  89  15:33  Pylon, Immortal  
  88  15:55  Stalker x4  
  88  15:56  Stalker x4  
  104  15:57  Stalker  
  104  15:58  Stalker x2  
  83  16:21  Stalker x4  
  83  16:22  Stalker x3  
  83  16:36  Probe x2  
  83  16:37  Probe x2  
  83  16:38  Probe  
  88  17:23  Stalker x5  
  88  17:24  Stalker x2  
  88  17:29  Nexus  
  102  17:32  Mothership Core  
  102  17:35  Warp Prism  
  106  17:52  Stalker x2  
  106  17:53  Stalker x2  
  114  18:03  Pylon  
  114  18:08  Pylon  
  114  18:11  Pylon  
  114  18:35  Stalker x2  
  114  18:36  Stalker x5  
  122  18:52  Probe  
  115  19:14  Pylon  
  115  19:16  Pylon  
  103  19:36  Stalker x3  
  103  19:37  Stalker x6  
  103  19:38  Stalker  
  119  19:52  Assimilator  
  119  19:56  Assimilator  
  119  20:27  Stalker x6  
  119  20:28  Stalker x3  
Show
View Real Time Build Order
Export as new Build Order

CCharley Zerg 

Build Orders: Hatch First 

Get SALT Encoding   

  12  0:01  Drone  
  13  0:08  Drone  
  14  0:16  Extractor, Drone  
  15  0:22  Overlord  
  15  0:47  Drone  
  15  0:48  Hatchery  
  15  0:51  Drone  
  15  0:55  Drone  
  17  1:01  Drone  
  17  1:02  Extractor  
  17  1:17  Spawning Pool  
  16  1:19  Drone  
  17  1:25  Drone  
  18  1:33  Drone  
  19  1:42  Drone  
  20  1:52  Drone  
  21  2:03  Queen x2  
  21  2:05  Zergling x4  
  27  2:16  Roach Warren  
  27  2:20  Zergling x2  
  27  2:31  Overlord  
  27  2:34  Drone  
  28  2:50  Overlord  
  28  2:52  Zergling x8  
  28  2:57  Roach  
  34  2:59  Queen  
  34  3:02  Overlord  
  36  3:10  Drone  
  36  3:12  Drone  
  38  3:13  Drone x2  
  40  3:20  Metabolic Boost  
  40  3:32  Drone x3  
  40  3:33  Drone x2  
  45  3:36  Overlord  
  43  4:13  Roach x3  
  43  4:14  Roach x5  
  59  4:20  Evolution Chamber  
  59  4:21  Evolution Chamber  
  59  4:23  Zergling x4  
  59  4:33  Overlord x3  
  59  4:50  Queen x2  
  63  5:04  Overlord x2  
  63  5:05  Overlord  
  63  5:06  Drone  
  63  5:07  Drone x2  
  66  5:10  Extractor  
  64  5:23  Roach  
  64  5:24  Roach x5  
  78  5:28  Ravager x2  
  75  5:40  Drone x4  
  78  5:47  Extractor, Drone  
  78  6:07  Drone x3  
  81  6:14  Zergling x4  
  64  6:54  Drone  
  64  6:55  Drone x9  
  63  7:01  Roach x2  
  63  7:02  Roach x3  
  63  7:06  Queen x2  
  68  7:15  Drone x2  
  69  7:21  Roach  
  71  7:41  Queen  
  71  7:42  Queen  
  71  7:43  Drone  
  76  7:52  Drone x2  
  76  8:09  Drone  
  76  8:10  Drone x4  
  79  8:17  Queen  
  80  8:24  Zergling x4  
  82  8:34  Queen  
  82  8:37  Zergling x4  
  82  8:38  Zergling x4  
  88  8:42  Zergling x4  
  88  8:45  Drone  
  88  8:47  Drone  
  92  8:51  Ravager x3  
  92  8:53  Queen  
  91  9:29  Lair  
  89  9:31  Drone  
  89  9:32  Drone x2  
  89  9:35  Drone x5  
  89  9:36  Drone x4  
  101  10:15  Extractor  
  100  10:24  Zerg Missile Weapons Level 1, Zerg Ground Armor Level 1  
  100  10:26  Overlord x4  
  100  11:05  Hydralisk Den  
  99  11:12  Roach x6  
  111  11:36  Hydralisk x5  
  111  11:37  Hydralisk  
  111  11:38  Lurker Den  
  123  11:40  Overlord x2  
  123  11:44  Hatchery  
  122  11:58  Hydralisk  
  122  11:59  Hydralisk x3  
  130  12:10  Hydralisk x2  
  134  12:30  Drone  
  134  12:31  Drone  
  136  12:46  Queen  
  96  13:08  Drone x4  
  96  13:09  Drone x7  
  101  13:25  Hatchery  
  75  14:01  Zergling x14  
  75  14:02  Zergling x10  
  61  14:20  Roach  
  61  14:21  Roach x2  
  57  14:34  Roach x5  
  57  14:35  Roach x2  
  57  14:37  Drone x2  
  68  15:00  Drone x2  
  70  15:25  Drone  
  71  15:36  Drone x2  
  54  16:21  Zergling x2, Roach x6  
  52  16:48  Drone x4  
  52  16:49  Drone x7  
  63  17:03  Hydralisk Den  
  63  17:05  Roach x4  
  70  17:16  Drone x2  
  70  17:17  Drone x2  
  70  17:21  Extractor  
  73  17:23  Drone x2  
  73  17:25  Drone  
  76  17:34  Hydralisk  
  76  17:35  Hydralisk x2  
  82  17:42  Queen  
  79  18:03  Hydralisk x6  
  91  18:08  Lurker Den  
  91  18:14  Extractor  
  91  18:15  Drone x3  
  91  18:19  Drone x2  
  70  18:57  Hatchery  
  69  19:04  Drone x7  
  54  20:00  Hydralisk x5  
Tags
 
Composition
Mass Adepts
League
GoldGold
Matchup
PvZ
Replay Pack
All Mines
Spawn Locations
Cross Positions
Add a new tag
Caveats
  • Supply blocks, unpowered buildings, or Contaminate may cause inaccurate times.
  • Supply counts are checked every 10 seconds.